 Dungeon Crawl Stone Soup version 0.21.1-1-g345015f (webtiles) character file.

49 letownia2 the Digger (level 3, 0/19 HPs)
             Began as a Gargoyle Earth Elementalist on Feb 14, 2018.
             Hit by a stone thrown by a big kobold (4 damage)
             ... on level 4 of the Dungeon.
             The game lasted 00:03:55 (554 turns).

letownia2 the Digger (Gargoyle Earth Elementalist)   Turns: 554, Time: 00:03:55

Health: 0/19       AC:  5    Str: 11    XL:     3   Next: 77%
Magic:  0/6        EV: 13    Int: 16    God:
Gold:   38         SH:  0    Dex: 10    Spells: 2/6 levels left

rFire    . . .     SeeInvis .   a - +0 dagger
rCold    . . .     Gourm    .   (no shield)
rNeg     + . .     Faith    .   m - +0 robe
rPois    ∞         Spirit   .   (no helmet)
rElec    +         Reflect  .   (no cloak)
rCorr    .         Harm     .   (no gloves)
MR       .....                  (no boots)
Stlth    ++........             (no amulet)
HPRegen  0.06/turn              g - +1 ring of evasion (curse)
MPRegen  0.10/turn              (no ring)

@: very slightly contaminated
A: negative energy resistance 1, electricity resistance, unbreathing,
petrification resistance, rot immunity, AC +3
a: no special abilities


You were on level 4 of the Dungeon.
You were not hungry.

You visited 1 branch of the dungeon, and saw 4 of its levels.

You collected 38 gold pieces.

Inventory:

Hand Weapons
 a - a +0 dagger (weapon)
 c - a +0 blowgun
Missiles
 b - 16 stones (quivered)
Armour
 m - a +0 robe (worn)
Jewellery
 g - a cursed +1 ring of evasion (left hand)
Wands
 i - a wand of polymorph (10)
Scrolls
 f - 2 scrolls of remove curse {unknown}
 h - a scroll of identify {unknown}
Potions
 j - a potion of lignification {unknown}
 k - a potion of curing {unknown}
 l - a potion of haste {unknown}
Books
 e - a book of Geomancy

   Spells                             Type                      Level
   a - Sandblast                      Earth                        1
   b - Passwall                       Transmutation/Earth          2
   c - Stone Arrow                    Conjuration/Earth            3
   d - Petrify                        Transmutation/Earth          4
   e - Lee's Rapid Deconstruction     Earth                        5
Comestibles
 d - 2 rations


   Skills:
 - Level 1.5 Dodging
 - Level 2.1 Stealth
 - Level 2.0 Spellcasting
   Level 0.7 Transmutations
 + Level 5.6 Earth Magic


You had 2 spell levels left.
You knew the following spells:

 Your Spells              Type           Power        Failure   Level  Hunger
a - Sandblast             Erth           ###...       1%          1    #......
d - Stone Arrow           Conj/Erth      ##....       21%         3    ###....


Dungeon Overview and Level Annotations

Branches:
Dungeon (4/15)
 Temple: D:4-7

Altars:
Nemelex Xobeh


Innate Abilities, Weirdness & Mutations

You are resistant to torment.
Your stone body is resilient. (AC +3)
You are immune to poison.
You resist negative energy. (rN+)
You are resistant to electric shocks. (rElec)
You can survive without breathing.
You are immune to petrification.
You are immune to rotting.


Message History

The big kobold is severely wounded.
b - 15 stones The kobold hits something with a short sword.
The big kobold hits you.
The kobold hits the plant but does no damage. x2
The kobold hits something but does no damage.
The kobold hits the plant but does no damage. x2
Unknown command.
Something hits the plant but does no damage.
The kobold hits the plant but does no damage. x3
The big kobold throws a stone.
The stone hits you.
* * * LOW HITPOINT WARNING * * *
The kobold hits something but does no damage.
The kobold hits the plant but does no damage.
The kobold hits something but does no damage.
The kobold hits the plant but does no damage.
You see here a stone.
b - 16 stones (gained 1)
The kobold hits something.
The big kobold throws a stone.
The stone hits you.
You die...

#>..........h..
#..............
...........#.#
.........#.#.#
####.###.#'#.#
#P.#.......#
##♣♣....##....#
#♣...P...##....### .
##♣..@P###)##......#
K...♣#P♣K...#
#.##......#
..(K.KKK♣P###
#.##......#
....♣PK♣P##
#..(..#'#+### †
..KK♣♣## ♣.###.#.#.#
....KP
PP.###.#.#.#####
.†..♣ ♣##
#<#.#........ .$.♣
#.#...#.##### .(.
#.....#.#


You could see a big kobold and 7 kobolds.

Vanquished Creatures
  2 adders
  A dart slug (D:2)
  A bat (D:2)
  2 giant cockroaches (D:1)
  3 goblins
  2 hobgoblins
  A jackal (D:4)
  13 kobolds
  A frilled lizard (D:1)
  4 rats
30 creatures vanquished.

Notes
Turn   | Place    | Note
-------+----------+-------------------------------------------
     0 | D:1      | letownia2 the Gargoyle Earth Elementalist began the quest for the Orb.
     0 | D:1      | Reached XP level 1. HP: 10/10 MP: 3/3
    24 | D:1      | Reached skill level 4 in Earth Magic
   154 | D:2      | Reached XP level 2. HP: 15/15 MP: 5/5
   155 | D:2      | Found a sparkling altar of Nemelex Xobeh.
   247 | D:2      | Reached skill level 5 in Earth Magic
   247 | D:2      | Reached XP level 3. HP: 12/19 MP: 4/6
   252 | D:2      | Learned a level 3 spell: Stone Arrow
   327 | D:3      | Found a faded altar of an unknown god.
   530 | D:4      | Noticed a big kobold
   554 | D:4      | Hit by a stone thrown by a big kobold

Skill      XL: |  1  2 |
---------------+-------+-----
Earth Magic    | 4 5 |  5.6
Dodging        | |  1.5
Stealth        | |  2.1
Spellcasting   | |  2.0
Transmutations | |  0.7

Action                   || total
-------------------------++-------
Melee: Dagger            ||    89
 Fire: Blowgun           ||    15
Throw: Stone             ||     1
 Cast: Sandblast         ||    15
 Stab: Sleeping          ||     3
Armor: Robe              ||    25
Dodge: Dodged            ||    62
